 Dungeon Crawl Stone Soup version 0.29.1-1-gd02db6906a (webtiles) character file.

Game seed: 6227413059568155188

562 Demigod47 the Cudgeller (level 7, -2/60 HPs)
             Began as a Minotaur Fighter on Oct 13, 2022.
             Was an Initiate of Okawaru.
             Slain by Edmund
             ... wielding a +4 flail of protection
              (6 damage)
             ... on level 5 of the Dungeon.
             The game lasted 00:06:47 (4193 turns).

Demigod47 the Cudgeller (Minotaur Fighter)          Turns: 4193, Time: 00:06:48

Health: -2/60      AC:  7    Str: 22    XL:     7   Next: 10%
Magic:  6/6        EV:  8    Int:  5    God:    Okawaru [......]
Gold:   46         SH:  8    Dex: 10    Spells: 6/6 levels left

rFire   . . .      SeeInvis .   p - +1 morningstar (holy)
rCold   . . .      Faith    .   e - +0 kite shield
rNeg    + . .      Spirit   .   b - +0 scale mail
rPois   .          Reflect  .   (helmet restricted)
rElec   .          Harm     .   (no cloak)
rCorr   .          Rampage  .   (no gloves)
Will    .....                   (no boots)
Stlth   ..........              (no amulet)
HPRegen 0.20/turn               l - ring of positive energy
MPRegen 0.10/turn               (no ring)

@: mighty
A: horns 2, retaliatory headbutt
a: Renounce Religion


You were on level 5 of the Dungeon.
You worshipped Okawaru.
Okawaru was noncommittal.
You visited 2 branches of the dungeon, and saw 6 of its levels.

You collected 202 gold pieces.
You spent 156 gold pieces at shops.

Inventory:

Hand Weapons
 a - a +0 flail
 p - a +1 morningstar of holy wrath (weapon)
Missiles
 f - 4 javelins (quivered)
Armour
 b - a +0 scale mail (worn)
 c - a +0 buckler
 e - a +0 kite shield (worn)
Jewellery
 h - a ring of magical power
 l - a ring of positive energy (left hand)
Wands
 g - a wand of flame (19)
Scrolls
 j - a scroll of enchant armour
 k - 2 scrolls of teleportation
 n - a scroll of butterflies
 r - a scroll of amnesia {unknown}
 t - a scroll of poison {unknown}
Potions
 i - 3 potions of curing
 m - a potion of degeneration
 o - a potion of flight


   Skills:
 + Level 4.7 Fighting
 * Level 6.6 Maces & Flails
 + Level 5.4 Armour
 + Level 2.0 Dodging
 + Level 0.3 Stealth
 + Level 4.8 Shields


You had 6 spell levels left.
You didn't know any spells.
Your spell library was empty.

Dungeon Overview and Level Annotations

Branches:
Dungeon (5/15)             Temple (1/1) D:4

Altars:
Ashenzari
Cheibriados
Gozag
Hepliaklqana
Kikubaaqudgha
Makhleb
Okawaru
Qazlal
Ru
Trog
Vehumet
Wu Jian

Shops:
D:4 *   D:5 (

Annotations:
D:5 Edmund


Innate Abilities, Weirdness & Mutations

You have a pair of horns on your head.
You reflexively headbutt those who attack you in melee.


Message History

There is an entrance to Soodu's Weapon Shop here.
p - a +1 morningstar of holy wrath Thank you for shopping at Soodu's Weapon Shop!
Your +1 morningstar of holy wrath softly glows with a divine radiance!
p - a +1 morningstar of holy wrath (weapon)
You see here a necrophage skeleton.
An iguana comes into view.
An iguana is nearby!
The iguana bites you.
You hit the iguana.
The iguana is lightly wounded.
You block the iguana's attack.
You sock the iguana! You headbutt the iguana.
The iguana is almost dead.
You block the iguana's attack.
You puncture the iguana!
You kill the iguana!
Okawaru accepts your kill.
You now have 46 gold pieces (gained 20).
Edmund the Younger comes into view.
He is wielding a +4 flail of protection.
Edmund is nearby!
Edmund clears his throat.
Edmund drinks a potion.
Edmund flickers and vanishes!
Deactivating autopickup; reactivate with Ctrl-A.
Found a robe.
Something hits you.
You closely miss something. Something hits you.
You closely miss something. Something hits you!
You hit something. Something hits you! You block something's attack.
You barely miss something. Something hits you!
* * * LOW HITPOINT WARNING * * *
You closely miss something. Something hits you.
* * * LOW HITPOINT WARNING * * *
You barely miss something. Something hits you.
* * * LOW HITPOINT WARNING * * *
Something hits you.
* * * LOW HITPOINT WARNING * * *
You feel very mighty all of a sudden. Something hits you.
You die...

############# ###
#...........#####..
#.#########.##..รท..
#.........#.##.####
##..######...##.....
###....##.#.#......###
#....@....#...#.#.## #
#....{.##.##......####
#.............#.#....#
#.#.......####.........#
#.#......## #..###......
#.#...[..# #.# #......
#.######## #.. #......
#..... ## #......
#...###


There were no monsters in sight!

Vanquished Creatures
  An ice beast (D:5)
  A phantom (D:5)
  A necrophage (D:5)
  2 vampire bats (D:3)
  A jelly (D:4)
  4 iguanas
  2 adders
  An ufetubus (D:5)
  2 worms
  A dart slug (D:1)
  An orc (D:3)
  11 ball pythons
  8 bats
  3 bat skeletons (D:3)
  4 bat zombies (D:3)
  7 endoplasms
  A giant cockroach (D:2)
  A goblin (D:3)
  16 hobgoblins
  4 kobolds
  8 quokkas
  3 frilled lizards
  5 rats
88 creatures vanquished.

Notes
Turn   | Place    | Note
-------+----------+-------------------------------------------
     0 | D:1      | Demigod47 the Minotaur Fighter began the quest for the Orb.
     0 | D:1      | Reached XP level 1. HP: 19/19 MP: 0/0
   206 | D:1      | Reached XP level 2. HP: 23/27 MP: 1/1
   339 | D:1      | Reached skill level 3 in Maces & Flails
   449 | D:1      | Found a faded altar of an unknown god.
   760 | D:1      | Reached XP level 3. HP: 32/33 MP: 2/2
  1285 | D:2      | Found a snail-covered altar of Cheibriados.
  1735 | D:3      | Reached XP level 4. HP: 37/40 MP: 3/3
  1738 | D:3      | Reached skill level 4 in Maces & Flails
  1829 | D:3      | Found a stormy altar of Qazlal.
  2463 | D:3      | Reached XP level 5. HP: 46/46 MP: 4/4
  2554 | D:3      | Found a sacrificial altar of Ru.
  2554 | D:3      | Found an opulent altar of Gozag.
  2576 | D:3      | Found an ancient bone altar of Kikubaaqudgha.
  2580 | D:3      | Reached skill level 5 in Maces & Flails
  2586 | D:3      | Reached skill level 1 in Dodging
  2653 | D:3      | Identified a scroll of acquirement
  2655 | D:3      | Acquired 601 gold pieces
  2836 | D:4      | Found a staircase to the Ecumenical Temple.
  2969 | D:4      | Found Nesus's Elemental Accessories.
  3132 | D:4      | Reached XP level 6. HP: 44/53 MP: 5/5
  3166 | Temple   | Entered the Ecumenical Temple
  3301 | Temple   | Became a worshipper of Warmaster Okawaru
  3613 | D:5      | Entered Level 5 of the Dungeon
  3750 | D:5      | Reached skill level 5 in Armour
  3812 | D:5      | Found Soodu's Weapon Shop.
  3824 | D:5      | Noticed an ice beast
  3835 | D:5      | Reached skill level 6 in Maces & Flails
  3848 | D:5      | Killed an ice beast
  3849 | D:5      | Reached XP level 7. HP: 5/60 MP: 6/6
  4126 | D:5      | Bought a +1 morningstar of holy wrath for 156 gold pieces
  4182 | D:5      | Noticed Edmund
  4193 | D:5      | Slain by Edmund

Illustrated notes

Levels and vault maps discovered:
D:1:      giann_forest_graveyard, layout_loops_corners,
          hellmonk_ecumenical_altar_blasted, minmay_pentomino_p4
D:2:      layout_rooms, basic_altar
D:3:      minmay_evil_eye, layout_rooms, kennysheep_vampire_church,
          gammafunk_temple_overflow_elements, overflow_temple_1_default
D:4:      layout_basic, temple_pool_b, nicolae_elemental_shop
D:5:      nicolae_BIG_FREAKIN_CUBE, layout_loops_cross,
          nicolae_overflow_two_pavilions, serial_co_window_serial,
          co_window_paths_a, co_window_corner_a, co_window_paths_a,
          co_window_corner_a, co_window_paths_b, co_window_broadway_b,
          co_window_corner_b, co_window_of_opportunity_b,
          co_window_unsneaky_path_b, co_window_paths_c, co_window_corner_ca,
          co_window_paths_d, glass_columns_a, serial_shops, shop, uniq_edmund
Temple:   hc_temple_tempest_star

Skill      XL: |  1  2  3  4  5  6 |
---------------+-------------------+-----
Shields        | 4 |  4.8
Maces & Flails | 3 4 5 6 |  6.6
Fighting       | 4 |  4.7
Armour         | 4 5 |  5.4
Dodging        | 1 2 |  2.0
Stealth        | |  0.3

Action                   |  1- 3 |  4- 6 |  7- 9 || total
-------------------------+-------+-------+-------++-------
Melee: Flail             |    92 |   111 |       ||   203
       Headbutt          |    11 |    18 |     1 ||    30
       Morningstar       |       |       |     9 ||     9
  Use: Scroll            |     2 |     4 |       ||     6
       Potion            |     2 |     5 |     1 ||     8
Armor: Scale mail        |    52 |    62 |       ||   114
Dodge: Dodged            |    35 |    41 |       ||    76
Block: Kite shield       |    43 |    54 |     3 ||   100
